 Dungeon Crawl Stone Soup version 0.19-a0-1886-gd64a0f0 (webtiles) character file.

7780 Amnesiac the Ogre Mage (level 11, 0/88 HPs)
             Began as an Ogre Wizard on Oct 16, 2016.
             Was an Elder of Sif Muna.
             Slain by a worker ant (5 damage)
             ... on level 10 of the Dungeon.
             The game lasted 00:18:53 (10297 turns).

Amnesiac the Ogre Mage (Ogre Wizard)               Turns: 10297, Time: 00:18:53

Health: 0/88       AC: 17    Str: 14    XL:     11   Next: 20%
Magic:  21/26      EV:  7    Int: 18    God:    Sif Muna [****..]
Gold:   520        SH:  0    Dex: 10    Spells: 6 memorised, 20 levels left

rFire  + + .     SeeInvis .     n - +4 dagger (venom)
rCold  x . .     Gourm    .     y - +0 fire dragon scales
rNeg   . . .     Faith    .     (no shield)
rPois  .         Spirit   .     b - +0 hat
rElec  .         Dismiss  .     (no cloak)
rCorr  .         Reflect  .     (gloves unavailable)
MR     +....     Harm     .     (boots unavailable)
Stlth  .......... Rnd*Rage +    j - amulet of inaccuracy (curse)
                                M - ring of loudness (curse)
                                l - +5 ring of protection

@: exhausted, slowed, repel missiles, divine energy, very slow
A: unfitting armour, berserk 1, tough skin 1
a: Stop Divine Energy, Channel Magic, Forget Spell, Renounce Religion


You were on level 10 of the Dungeon.
You worshipped Sif Muna.
Sif Muna was greatly pleased with you.
You were not hungry.

You visited 1 branch of the dungeon, and saw 11 of its levels.

You collected 520 gold pieces.

Inventory:

Hand Weapons
 n - a +4 dagger of venom (weapon)
 t - a +0 blowgun
 N - a +2 demon whip of pain
Missiles
 u - 12 poisoned needles
 v - 2 throwing nets (quivered)
Armour
 a - a +0 robe
 b - a +0 hat (worn)
 y - +0 fire dragon scales (worn)
Jewellery
 i - an uncursed ring of wizardry
 j - a cursed amulet of inaccuracy (around neck)
 l - a +5 ring of protection (left hand)
 m - an uncursed amulet of guardian spirit
 I - an uncursed amulet of rage
 K - an uncursed ring of protection from cold
 M - a cursed ring of loudness (right hand)
Wands
 p - a wand of flame (23/48)
 E - a wand of iceblast (9/15)
 H - a wand of paralysis (23/24)
Scrolls
 e - 5 scrolls of teleportation
 f - a scroll of recharging
 h - 3 scrolls of blinking
 o - a scroll of fog
 r - a scroll of magic mapping
 A - 2 scrolls of fear
 D - 2 scrolls of enchant weapon
 J - a scroll of amnesia
Potions
 k - a potion of brilliance
 s - a potion of invisibility
 w - a potion of lignification
 x - a potion of agility
 z - 4 potions of haste
 L - a potion of resistance
Books
 c - a book of Minor Magic

   Spells                             Type                      Level
   a - Magic Dart                     Conjuration                  1
   b - Blink                          Translocation                2
   c - Call Imp                       Summoning                    2
   d - Repel Missiles                 Charms/Air                   2
   e - Slow                           Hexes                        2
   f - Conjure Flame                  Conjuration/Fire             3
   g - Mephitic Cloud                 Conjuration/Poison/Air       3
Comestibles
 d - 12 bread rations
 g - a meat ration
 q - 4 fruits
 C - a slice of pizza
 G - 11 royal jellies


   Skills:
 - Level 9.4 Armour
 - Level 1.7 Dodging
 - Level 1.4 Stealth
 + Level 11.5 Spellcasting
 - Level 6.0 Conjurations
 - Level 0.6 Summonings
 - Level 0.6 Translocations


You had 20 spell levels left.
You knew the following spells:

 Your Spells              Type           Power        Failure   Level  Hunger
a - Repel Missiles        Chrm/Air       ##....       52%         2    None
b - Blink                 Tloc           N/A          38%         2    None
d - Call Imp              Summ           ##......     38%         2    None
e - Mephitic Cloud        Conj/Pois/Air  ###.....     43%         3    None
f - Magic Dart            Conj           ####         2%          1    None
s - Conjure Flame         Conj/Fire      ###.....     30%         3    None


Dungeon Overview and Level Annotations

Branches:
Dungeon (11/15)            Temple (0/1) D:7            Lair (0/6) D:11
    Orc: D:9-12

Altars:
Ashenzari
Elyvilon
Fedhas
Hepliaklqana
Nemelex Xobeh
Qazlal
Ru
Sif Muna
Trog
Vehumet
Yredelemnul
The Shining One


Innate Abilities, Weirdness & Mutations

You are too large for most types of armour.
You have tough skin. (AC +1)
You tend to lose your temper in combat.


Message History

You blink.
The crimson imp hits you but does no damage.
The worker ant bites you but does no damage.
You swing at nothing.
The crimson imp barely misses you. The worker ant closely misses you.
Casting: Blink
Confirm with . or Enter, or press ? or * to list all spells.
You miscast Blink.
Sif Muna protects you from the effects of your miscast!
The worker ant bites you.
* * * LOW HITPOINT WARNING * * *
The worker ant barely misses you.
The hill giant hits you with a giant club!
* * * LOW HITPOINT WARNING * * *
Casting: Blink
Confirm with . or Enter, or press ? or * to list all spells.
You miscast Blink.
Sif Muna protects you from the effects of your miscast!
The worker ant bites you.
You die...

)....#.#.#.# #.#
#.C.......# .....#.#.#.#
#.# ##'########
.....#.#.#.# #.# #Y#
.........#.# #)# #.#
......#..#.####.####.#
......#..#.#.........#
......#..#.#.........#
###.#.#....'...5C....#
.##.#.##.#.#...a@....#
.........#.#########.#
......####.# #.# .......#
#.# #.#
.##.##.###.#########.#
#...................####
#..##.###.................
#. #.# ##################
# #.#


You could see a hill giant, a worker ant and a crimson imp.

Vanquished Creatures
  The ghost of Nuatha the Unseen, a novice SpAK of Lugonu (D:9)
  A hill giant (D:10)
  Pikel (D:5)
  The ghost of dobroeutro the Cudgeler, a novice GrFi of Okawaru (D:5)
  A centaur zombie (D:10)
  A troll (D:9)
  A two-headed ogre (D:8)
  2 hippogriffs (D:7)
  2 wyverns
  6 yaks
  A basilisk (D:11)
  A hungry ghost (D:8)
  The ghost of Kenran the Insei, an amateur OpTm (D:3)
  A water moccasin (D:9)
  An ice beast (D:7)
  5 orc warriors
  2 sky beasts
  A phantom (D:4)
  4 ogres
  3 slaves (D:5)
  2 centaurs
  A crocodile (D:11)
  9 bullfrogs
  2 scorpions
  2 howler monkeys
  A crimson imp (D:7)
  4 jellies
  4 orc priests
  A bullfrog skeleton (D:9)
  9 hounds
  5 orc wizards
  2 centaur skeletons (D:8)
  2 worker ants
  Natasha (thrice) (D:2)
  2 iguanas
  A killer bee zombie (D:6)
  A hound zombie (D:8)
  A hound skeleton (D:9)
  7 adders
  2 river rats (D:11)
  A shadow imp (D:8)
  5 oozes (D:8)
  An adder skeleton (D:5)
  A worm (D:6)
  6 dart slugs
  7 leopard geckos
  19 orcs
  3 giant cockroaches
  7 goblins
  5 hobgoblins
  12 jackals
  9 kobolds
  3 quokkas
  9 bats
  6 frilled lizards
  8 rats
200 creatures vanquished.

Vanquished Creatures (collateral kills)
  The ghost of anet the Slasher, an amateur HEMo (D:4)
  A quasit (D:11)
  An adder (D:2)
3 creatures vanquished.

Vanquished Creatures (others)
  A slave (D:5)
  A leopard gecko skeleton (D:5)
  A fungus (D:11)
  14 plants (D:11)
17 creatures vanquished.

Grand Total: 220 creatures vanquished

Notes
Turn   | Place    | Note
-------+----------+-------------------------------------------
     0 | D:1      | Amnesiac the Ogre Wizard began the quest for the Orb.
     0 | D:1      | Reached XP level 1. HP: 16/16 MP: 5/5
    94 | D:1      | Reached skill level 1 in Conjurations
   250 | D:2      | Reached skill level 4 in Spellcasting
   250 | D:2      | Reached XP level 2. HP: 24/24 MP: 1/7
   254 | D:2      | Learned a level 2 spell: Call Imp
   337 | D:2      | Found a deep blue altar of Sif Muna.
   340 | D:2      | Became a worshipper of Sif Muna the Loreminder
   954 | D:2      | Reached XP level 3. HP: 27/31 MP: 5/8
   959 | D:2      | Learned a level 3 spell: Mephitic Cloud
   963 | D:2      | Learned a level 3 spell: Conjure Flame
  1404 | D:2      | Reached XP level 4. HP: 39/39 MP: 10/10
  1471 | D:2      | Noticed Natasha
  1478 | D:2      | Killed Natasha
  1509 | D:2      | Noticed Natasha
  1517 | D:2      | Killed Natasha
  1517 | D:2      | Reached * piety under Sif Muna
  1517 | D:2      | Reached XP level 5. HP: 23/45 MP: 7/11
  1532 | D:2      | Noticed Natasha
  1537 | D:2      | Killed Natasha
  1713 | D:2      | Learned a level 2 spell: Repel Missiles
  2057 | D:3      | Noticed a sky beast
  2065 | D:3      | Killed a sky beast
  2065 | D:3      | Reached XP level 6. HP: 44/53 MP: 8/12
  2077 | D:3      | Gained mutation: You tend to lose your temper in combat. [mutagenic meat]
  2459 | D:3      | Noticed Kenran's ghost (amateur OpTm)
  2475 | D:3      | Killed Kenran's ghost
  2523 | D:4      | Noticed anet's ghost (amateur HEMo)
  2569 | D:4      | Found a stormy altar of Qazlal.
  2588 | D:4      | Noticed a phantom
  2601 | D:4      | Killed a phantom
  2601 | D:4      | Reached skill level 5 in Conjurations
  2601 | D:4      | Reached XP level 7. HP: 58/59 MP: 0/13
  2699 | D:4      | Found a radiant altar of Vehumet.
  2751 | D:4      | Learned a level 2 spell: Blink
  2994 | D:4      | Found a blossoming altar of Fedhas.
  2994 | D:4      | Found a glowing golden altar of the Shining One.
  3206 | D:4      | Reached ** piety under Sif Muna
  3238 | D:4      | Killed anet's ghost
  3590 | D:4      | Found a bloodstained altar of Trog.
  3639 | D:4      | Reached skill level 5 in Spellcasting
  3639 | D:4      | Reached XP level 8. HP: 42/67 MP: 11/15
  3916 | D:5      | Entered Level 5 of the Dungeon
  3955 | D:5      | Noticed dobroeutro's ghost (novice GrFi)
  3965 | D:5      | Killed dobroeutro's ghost
  3965 | D:5      | Reached skill level 7 in Spellcasting
  4156 | D:5      | Reached *** piety under Sif Muna
  4236 | D:5      | Noticed Pikel
  4263 | D:5      | Killed Pikel
  4263 | D:5      | Reached skill level 9 in Spellcasting
  4263 | D:5      | Reached XP level 9. HP: 74/74 MP: 16/22
  4741 | D:6      | Reached skill level 10 in Spellcasting
  4762 | D:6      | Found a basalt altar of Yredelemnul.
  5036 | D:6      | Reached **** piety under Sif Muna
  5451 | D:6      | Reached skill level 1 in Armour
  5741 | D:7      | Found a staircase to the Ecumenical Temple.
  5803 | D:7      | Found a shattered altar of Ashenzari.
  5830 | D:7      | Found a sacrificial altar of Ru.
  5832 | D:7      | Found a white marble altar of Elyvilon.
  6469 | D:7      | Reached skill level 5 in Armour
  6985 | D:8      | Noticed a two-headed ogre
  7002 | D:8      | Killed a two-headed ogre
  7002 | D:8      | Reached XP level 10. HP: 57/81 MP: 16/24
  7045 | D:8      | Paralysed by fainting for 11 turns
  7665 | D:8      | Found a sparkling altar of Nemelex Xobeh.
  8534 | D:9      | Found a hazy altar of Hepliaklqana.
  8539 | D:9      | Noticed Nuatha's ghost (novice SpAK)
  8564 | D:9      | Killed Nuatha's ghost
  9206 | D:10     | Entered Level 10 of the Dungeon
  9268 | D:10     | You fall through a shaft!
  9787 | D:11     | Found a staircase to the Lair.
  9807 | D:11     | Reached XP level 11. HP: 65/88 MP: 22/25
 10155 | D:11     | Reached skill level 11 in Spellcasting
 10236 | D:10     | Noticed a hill giant
 10277 | D:10     | Noticed a hill giant
 10286 | D:10     | Killed a hill giant
 10297 | D:10     | Slain by a worker ant

Vault maps used:
D:1:      ncdulo_wetmaze
D:2:      lemuel_blue_sif_altar, st_stairs_5, uniq_natasha
D:4:      vehumet_altar_wand_db, nicolae_overflow_hidden_temple,
          grunt_qazlal_sundering, first_bread, trog_book
D:5:      uniq_pikel
D:6:      yredelemnul_altar_generic
D:7:      grunt_temple_overflow_open
D:8:      nemelex_xobeh_ov_fountains_minmay, hangedman_little_slice_of_home
D:9:      old_standard_altar
D:10:     nrook_guardian_serpent_double
D:11:     minmay_lair_entry_grove, orc_0_dummy

Skill      XL: |  1  2  3  4  5  6  7  8  9 10 11 |
---------------+----------------------------------+-----
Conjurations   | 1 2 3 4 5 6 |  6.0
Spellcasting   | 4 5 9 10 11 | 11.5
Armour         | 5 9 |  9.4
Dodging        | |  1.7
Stealth        | |  1.4
Summonings     | |  0.6
Translocations | |  0.6

Action                   |  1- 3 |  4- 6 |  7- 9 | 10-12 || total
-------------------------+-------+-------+-------+-------++-------
Melee: Whip              |    40 |       |       |       ||    40
       Dagger            |    20 |    77 |   296 |   434 ||   827
 Cast: Magic Dart        |    48 |    23 |    18 |    21 ||   110
       Call Imp          |     1 |       |     3 |     2 ||     6
       Mephitic Cloud    |       |     2 |     7 |     7 ||    16
       Conjure Flame     |       |     2 |     4 |     7 ||    13
       Repel Missiles    |       |     1 |     1 |       ||     2
       Blink             |       |       |       |     6 ||     6
Invok: Divine Energy     |       |     1 |       |       ||     1
  Use: Scroll            |     4 |       |    11 |     3 ||    18
       Potion            |       |       |     4 |     1 ||     5
 Stab: Sleeping          |     1 |     3 |     1 |       ||     5
       Confused          |       |       |     3 |     4 ||     7
  Eat: Chunk             |     2 |     5 |    14 |    11 ||    32
       Beef jerky        |       |       |       |     3 ||     3
       Royal jelly       |       |       |       |     1 ||     1
Armor: Robe              |    21 |    22 |    57 |       ||   100
       Fire dragon scale |       |       |   112 |   253 ||   365
Dodge: Dodged            |    38 |    28 |   147 |   149 ||   362
       Deflected         |       |       |     1 |     3 ||     4
